 Dungeon Crawl Stone Soup version 0.29-a0-219-g0a02b1cf4f (console) character file.

Game seed: 3459899034265818415

59703 jejorda2 the Markstengu (level 14, 0/84 HPs)
             Began as a Tengu Hunter on Feb 25, 2022.
             Was the Champion of Okawaru.
             Slain by Jorgrun
             ... wielding a +0 vorpal quarterstaff
              (2 damage)
             ... while petrified by Jorgrun
             ... on level 12 of the Dungeon on Feb 26, 2022.
             The game lasted 01:06:35 (20135 turns).

jejorda2 the Markstengu (Tengu Hunter)             Turns: 20135, Time: 01:06:36

Health: 0/84       AC:  8    Str: 10    XL:     14   Next: 96%
Magic:  17/21      EV:  2    Int: 12    God:    Okawaru [******]
Gold:   1107       SH:  0    Dex: 20    Spells: 16/21 levels left

rFire   . . .      SeeInvis .   a - +0 longbow (flame)
rCold   + + .      Faith    .   (shield currently unavailable)
rNeg    + + +      Spirit   .   G - +0 troll leather armour
rPois   ∞          Reflect  .   (helmet restricted)
rElec   +          Harm     .   O - +0 cloak of the Tarantula {rElec rC++ Str-2}
rCorr   .          Rampage  .   m - +2 pair of gloves
Will    +....                   (boots unavailable)
Stlth   ++........              e - amulet of regeneration
HPRegen 1.84/turn               o - +4 ring of evasion
MPRegen 0.17/turn               (no ring)

@: petrified, finesse-ful, spiked, flying quickly and evasively, hasted, quick
A: beak, talons 3, nimble flight
a: Renounce Religion, Heroism, Finesse, Duel


You were on level 12 of the Dungeon.
You worshipped Okawaru.
Okawaru was exalted by your worship.
You visited 2 branches of the dungeon, and saw 18 of its levels.

You collected 1484 gold pieces.
You spent 377 gold pieces at shops.

Inventory:

Hand Weapons
 a - a +0 longbow of flaming (weapon)
 F - a +2 shortbow
Missiles
 l - 13 javelins (quivered)
 A - 4 datura-tipped darts
 E - 5 boomerangs of dispersal
 I - 3 throwing nets
Armour
 m - a +2 pair of gloves (worn)
 s - a +1 cloak of stealth
 G - a +0 troll leather armour (worn)
 O - the +0 cloak of the Tarantula (worn) {rElec rC++ Str-2}
   (Okawaru gifted it to you on level 6 of the Lair of Beasts)

   Str:       It affects your strength (-2).
   rC:        It greatly protects you from cold.
   rElec:     It insulates you from electricity.
Jewellery
 e - an amulet of regeneration (around neck)
 o - a +4 ring of evasion (left hand)
 D - a +6 ring of strength
 L - a ring of wizardry
Wands
 k - a wand of paralysis (2)
 w - a wand of acid (23)
 y - a wand of flame (45)
 C - a wand of iceblast (22)
Scrolls
 d - 3 scrolls of silence
 g - 5 scrolls of fear
 h - a scroll of fog
 i - 4 scrolls of vulnerability
 n - 2 scrolls of magic mapping
 q - 5 scrolls of teleportation
 H - a scroll of immolation
 J - 2 scrolls of holy word
 M - 3 scrolls of identify
 P - a scroll of blinking
Potions
 c - 3 potions of might
 f - 2 potions of invisibility
 j - 8 potions of curing
 p - a potion of attraction
 r - 2 potions of cancellation
 t - 2 potions of heal wounds
 u - a potion of magic
 v - 4 potions of lignification
 x - 4 potions of mutation
 z - a potion of haste
 B - a potion of brilliance
 K - 2 potions of berserk rage
Miscellaneous
 N - a tin of tremorstones (inert)


   Skills:
 + Level 8.8 Fighting
 - Level 20.0 Bows
 - Level 3.0 Armour
 + Level 9.2 Dodging
 - Level 3.0 Stealth
 - Level 4.0 Spellcasting
 - Level 6.0 Conjurations
 - Level 3.7 Translocations
 - Level 6.0 Air Magic
 - Level 3.0 Poison Magic
 - Level 7.0 Invocations
 + Level 6.0 Evocations


You had 16 spell levels left.
You knew the following spells:

 Your Spells              Type           Power      Damage    Failure   Level
a - Mephitic Cloud        Conj/Pois/Air  14%        N/A       11%         3
k - Blink                 Tloc           22%        N/A       10%         2

Your spell library contained the following spells:

 Spells                   Type           Power      Damage    Failure   Level
 Magic Dart               Conj           64%        1d6       2%          1
 Static Discharge         Conj/Air       16%        N/A       3%          2
 Poisonous Vapours        Pois/Air       26%        N/A       7%          2
 Corpse Rot               Necr/Air       18%        N/A       13%         2
 Gell's Gravitas          Tloc           11%        N/A       19%         3
 Lesser Beckoning         Tloc           11%        N/A       19%         3
 Beastly Appendage        Tmut           4%         N/A       28%         1
 Iskenderun's Mystic Bla  Conj/Tloc      14%        2d5       36%         4
 Scorch                   Fire           4%         2d5       41%         2
 Wereblood                Tmut           2%         N/A       41%         2
 Spider Form              Tmut/Pois      6%         N/A       43%         3
 Ignite Poison            Fire/Tmut/Pois 4%         N/A       50%         3
 Flame Wave               Conj/Fire      9%         2d5       63%         4
 Sticky Flame             Conj/Fire      9%         2d3       63%         4
 Frozen Ramparts          Ice            4%         1d2       65%         3
 Freezing Cloud           Conj/Ice/Air   6%         6-21      83%         5
 Manifold Assault         Tloc           11%        N/A       86%         5
 Irradiate                Conj/Tmut      4%         3d15      93%         5
 Anguish                  Hex/Necr       1%         N/A       96%         4
 Dispel Undead            Necr           2%         3d7       96%         4
 Ice Form                 Ice/Tmut       2%         N/A       96%         4
 Yara's Violent Unravell  Hex/Tmut       1%         3d3       100%        5
 Eringya's Noxious Bog    Tmut/Pois      3%         N/A       100%        6
 Call Imp                 Summ           Unusable   N/A       N/A         2
 Tukima's Dance           Hex            Unusable   N/A       N/A         3
 Animate Armour           Summ/Erth      Unusable   N/A       N/A         4
 Summon Ice Beast         Ice/Summ       Unusable   N/A       N/A         4
 Summon Forest            Summ/Tloc      Unusable   N/A       N/A         5
 Death Channel            Necr           Unusable   N/A       N/A         6
 Summon Cactus Giant      Summ           Unusable   N/A       N/A         6
 Summon Hydra             Summ           Unusable   N/A       N/A         7

Dungeon Overview and Level Annotations

Branches:
Dungeon (12/15)            Temple (0/1) D:6            Lair (6/6) D:11
  Swamp (0/4) Lair:4        Snake (0/4) Lair:4        Slime (0/5) Lair:5
    Orc (0/2) D:9

Altars:
Gozag
Makhleb
Nemelex Xobeh
Okawaru
Qazlal
Ru
Sif Muna
Wu Jian
Zin

Shops:
D:3 *   D:5 !   D:10 *

Portals:
Trove: D:10 (give +3 storm dragon scales)

Annotations:
D:12 Jorgrun


Innate Abilities, Weirdness & Mutations

You have a beak for a mouth.
You have claws for feet.
Your magical nature lets you fly swiftly and evasively.


Message History

Aim: Jorgrun, wielding a +0 vorpal quarterstaff and wearing a +2 robe of willpower (lightly wounded, very poisoned, slow, 51% to hit)
You throw a javelin.
The javelin pierces through Jorgrun but does no damage.
Jorgrun is lightly wounded.
You shoot an arrow. The arrow hits Jorgrun!
The arrow burns Jorgrun.
Jorgrun is lightly wounded.
You shoot an arrow. The arrow closely misses Jorgrun.
Jorgrun gestures at you while chanting.
You are slowing down.
You shoot an arrow. The arrow hits Jorgrun!
The arrow burns Jorgrun.
Jorgrun is moderately wounded.
You shoot an arrow. The arrow hits Jorgrun.
The arrow burns Jorgrun.
Jorgrun is moderately wounded.
The manticore bites you!!
The manticore claws you but does no damage.
The manticore claws you.
Unknown command.
You shoot an arrow. The arrow closely misses Jorgrun.
Jorgrun hits you with a +0 vorpal quarterstaff!
Your limbs are stiffening.
You shoot an arrow. The arrow hits Jorgrun!
The arrow burns Jorgrun.
Jorgrun is heavily wounded.
The manticore bites you but does no damage.
The manticore completely misses you. The manticore misses you.
You shoot an arrow. The arrow misses Jorgrun.
The manticore misses you. The manticore claws you! The manticore claws you.
Jorgrun hits you with a +0 vorpal quarterstaff!
You have turned to stone.
The manticore bites you!! The manticore claws you. The manticore claws you!
Jorgrun hits you with a +0 vorpal quarterstaff!
* * * LOW HITPOINT WARNING * * *
The manticore bites you!
* * * LOW HITPOINT WARNING * * *
The manticore claws you.
* * * LOW HITPOINT WARNING * * *
The manticore claws you!
* * * LOW HITPOINT WARNING * * *
Jorgrun hits you with a +0 vorpal quarterstaff!!
* * * LOW HITPOINT WARNING * * *
You die...

..# #..# ..# #..#
#..........# ..#
#..# #.........$#
..# #..#
#..........# ..#
#..# #..........#
..# #..#
#..........# ..#
#..# #...(......#
..###..#
#...gH.....#
.......#
#...@......#
.####..#
#..........# .#
#..######...........
.#
#...................
.#
#...................
.#
#..........######...
.# #..........# ...
.# #..........# .[
.# #..........#


You could see Jorgrun (poisoned, slow) and a manticore.

Vanquished Creatures
  A fire dragon (Lair:6)
  Harold (Lair:1)
  Erica (D:8)
  4 hydras
  A boulder beetle (D:11)
  11 death yaks
  A swamp dragon (Lair:6)
  Pikel (D:7)
  A lindwurm (Lair:6)
  A wizard (D:9)
  A cyclops (D:12)
  6 elephants (Lair:6)
  6 black mambas
  Joseph (D:8)
  10 cane toads
  Maggie (D:6)
  3 rime drakes (Lair:6)
  Psyche (D:10)
  15 komodo dragons
  2 trolls (D:11)
  A hornet (D:9)
  11 polar bears
  Prince Ribbit (Lair:1)
  7 blink frogs
  16 dream sheep (Lair:6)
  5 large abominations (D:9)
  74 yaks
  2 shadows
  2 wraiths
  6 wyverns
  3 basilisks
  A steam dragon (Lair:6)
  Menkaure (D:6)
  6 wargs (Lair:6)
  3 acid dragons (Lair:6)
  7 small abominations (D:9)
  20 water moccasins
  15 hell hounds (Lair:6)
  Duvessa (D:7)
  An ice beast (D:4)
  3 sky beasts
  2 orc warriors
  16 black bears
  A necrophage (D:6)
  19 wolves
  2 ogres
  5 centaurs
  2 phantoms
  11 bullfrogs
  A kobold brigand (D:9)
  2 scorpions
  Dowan (D:7)
  19 killer bees
  8 wights (D:8)
  9 electric eels
  A howler monkey (D:7)
  3 hounds
  A jelly (D:5)
  8 orc priests
  Crazy Yiuf (D:2)
  Ijyb (D:3)
  6 orc wizards
  Terence (D:3)
  8 iguanas
  Natasha (thrice) (D:4)
  Robin (D:3)
  8 adders
  7 gnolls
  A shadow imp (D:7)
  3 worms
  19 orcs
  6 endoplasms
  3 giant cockroaches
  15 goblins
  11 hobgoblins
  12 jackals
  5 quokkas
  13 ball pythons
  6 bats
  4 frilled lizards
  12 kobolds
  10 rats
522 creatures vanquished.

Vanquished Creatures (others)
  A bush (D:11)
  38 fungi
  107 plants
146 creatures vanquished.

Grand Total: 668 creatures vanquished

Notes
Turn   | Place    | Note
-------+----------+-------------------------------------------
     0 | D:1      | jejorda2 the Tengu Hunter began the quest for the Orb.
     0 | D:1      | Reached XP level 1. HP: 12/12 MP: 2/2
   256 | D:1      | Reached XP level 2. HP: 17/17 MP: 3/3
   535 | D:1      | Found a faded altar of an unknown god.
   686 | D:1      | Reached XP level 3. HP: 21/21 MP: 4/4
  1159 | D:2      | Reached skill level 5 in Bows
  1448 | D:2      | Reached XP level 4. HP: 23/27 MP: 2/5
  1651 | D:3      | Found Zin's Purification Station.
  1651 | D:3      | Found a glowing silver altar of Zin.
  1659 | D:3      | Gained mutation: Your magical nature lets you fly swiftly
                  | and evasively. [Tengu growth]
  1659 | D:3      | Reached XP level 5. HP: 17/32 MP: 2/6
  2029 | D:2      | Found a runed translucent door.
  2030 | D:2      | Noticed Crazy Yiuf
  2067 | D:2      | Killed Crazy Yiuf
  2368 | D:3      | Noticed Robin
  2400 | D:3      | Killed Robin
  2478 | D:3      | Reached XP level 6. HP: 37/37 MP: 7/7
  2520 | D:3      | Reached skill level 6 in Bows
  2541 | D:3      | Noticed Ijyb
  2547 | D:3      | Killed Ijyb
  2628 | D:3      | Found an iron altar of Okawaru.
  2637 | D:3      | Became a worshipper of Warmaster Okawaru
  2644 | D:3      | Noticed Terence
  2661 | D:3      | Killed Terence
  2997 | D:4      | Noticed an orc warrior
  3295 | D:4      | Noticed Natasha
  3302 | D:4      | Killed Natasha
  3443 | D:4      | Reached skill level 1 in Invocations
  3443 | D:4      | Reached XP level 7. HP: 42/42 MP: 8/8
  3497 | D:4      | Reached skill level 7 in Bows
  3676 | D:4      | Found an ornate altar of the Wu Jian Council.
  3686 | D:4      | Found a shimmering blue altar of Sif Muna.
  3922 | D:4      | Noticed Natasha
  3928 | D:4      | Killed Natasha
  3928 | D:4      | Reached * piety under Okawaru
  3932 | D:4      | Noticed Natasha
  3940 | D:4      | Killed Natasha
  4235 | D:5      | Entered Level 5 of the Dungeon
  4387 | D:5      | Reached XP level 8. HP: 34/48 MP: 10/10
  4875 | D:5      | Found Odian's Distillery.
  4881 | D:5      | Bought a potion of curing for 45 gold pieces
  4881 | D:5      | Bought a potion of haste for 150 gold pieces
  4983 | D:5      | Reached skill level 8 in Bows
  4983 | D:5      | Reached skill level 5 in Dodging
  5413 | D:5      | Reached ** piety under Okawaru
  5433 | D:6      | Got the Guide on Excruciating Calling
  5567 | D:6      | Identified the +3 long sword "Jeoqoysedi" {venom, Int+4}
  5677 | D:6      | Reached skill level 5 in Fighting
  5678 | D:6      | Noticed Menkaure
  5686 | D:6      | Killed Menkaure
  5773 | D:6      | Reached XP level 9. HP: 54/54 MP: 12/12
  5779 | D:6      | Found a sacrificial altar of Ru.
  5806 | D:6      | Reached skill level 9 in Bows
  5895 | D:6      | Noticed Maggie
  5904 | D:6      | Killed Maggie
  5935 | D:6      | Found an opulent altar of Gozag.
  5945 | D:6      | Reached *** piety under Okawaru
  6191 | D:6      | Found a staircase to the Ecumenical Temple.
  6467 | D:7      | Reached skill level 10 in Bows
  6547 | D:7      | Found a burning altar of Makhleb.
  6747 | D:7      | Noticed Dowan
  6749 | D:7      | Noticed Duvessa
  6754 | D:7      | Killed Dowan
  6767 | D:7      | Killed Duvessa
  6768 | D:7      | Reached skill level 5 in Invocations
  7068 | D:8      | Noticed Joseph
  7081 | D:8      | Reached skill level 11 in Bows
  7084 | D:8      | Killed Joseph
  7084 | D:8      | Reached **** piety under Okawaru
  7085 | D:8      | Reached XP level 10. HP: 30/60 MP: 9/15
  7310 | D:8      | Received a gift from Okawaru
  7692 | D:8      | Noticed Erica
  7704 | D:8      | Killed Erica
  7705 | D:8      | Reached skill level 12 in Bows
  8285 | D:9      | Received a gift from Okawaru
  8364 | D:9      | Reached skill level 13 in Bows
  8470 | D:9      | Reached ***** piety under Okawaru
  8482 | D:9      | Received a gift from Okawaru
  8494 | D:9      | Reached XP level 11. HP: 54/64 MP: 17/17
  8828 | D:9      | Reached skill level 14 in Bows
  8836 | D:9      | Received a gift from Okawaru
  9024 | D:9      | Found a staircase to the Orcish Mines.
  9113 | D:9      | Found a sparkling altar of Nemelex Xobeh.
  9168 | D:9      | Noticed a wizard
  9184 | D:9      | Killed a wizard
  9200 | D:9      | Noticed a large abomination
  9365 | D:9      | Identified the +1 lajatang "Oggol" {freeze, rC+} (Okawaru
                  | gifted it to you on level 9 of the Dungeon)
  9365 | D:9      | Received a gift from Okawaru
  9366 | D:9      | Reached skill level 15 in Bows
  9499 | D:9      | Killed a large abomination
  9631 | D:9      | Got Sif Muna's Collected Works on the Compass
  9648 | D:9      | Learned a level 2 spell: Blink
  9884 | D:7      | Noticed Pikel
  9899 | D:7      | Killed Pikel
  9928 | D:7      | Reached skill level 1 in Spellcasting
 10124 | D:6      | Reached skill level 1 in Translocations
 10383 | D:10     | Entered Level 10 of the Dungeon
 10818 | D:10     | Found a stormy altar of Qazlal.
 11096 | D:10     | Noticed Psyche
 11104 | D:10     | Killed Psyche
 11142 | D:10     | Found Loduq's General Store.
 11151 | D:10     | Bought a scroll of identify for 26 gold pieces
 11151 | D:10     | Bought 2 potions of heal wounds for 130 gold pieces
 11151 | D:10     | Bought a scroll of identify for 26 gold pieces
 11287 | D:10     | Found a portal to a secret trove of treasure.
 11500 | D:11     | Received a gift from Okawaru
 11525 | D:11     | Reached skill level 16 in Bows
 11796 | D:11     | Reached XP level 12. HP: 68/70 MP: 18/18
 11892 | D:11     | Found a staircase to the Lair.
 11962 | D:11     | Noticed a boulder beetle
 11992 | D:11     | Killed a boulder beetle
 12272 | D:11     | Learned a level 3 spell: Mephitic Cloud
 12307 | Lair:1   | Entered Level 1 of the Lair of Beasts
 12393 | Lair:1   | Noticed Prince Ribbit
 12402 | Lair:1   | Received a gift from Okawaru
 12407 | Lair:1   | Killed Prince Ribbit
 12613 | Lair:1   | Received a gift from Okawaru
 12645 | Lair:1   | Reached skill level 1 in Conjurations
 12677 | Lair:1   | Reached skill level 17 in Bows
 12709 | Lair:1   | Noticed an eight-headed hydra
 12730 | Lair:1   | Killed an eight-headed hydra
 12907 | Lair:1   | Noticed Harold
 12914 | Lair:1   | Killed Harold
 13121 | Lair:2   | Reached skill level 1 in Air Magic
 14125 | Lair:3   | Reached skill level 18 in Bows
 14161 | Lair:3   | Reached skill level 1 in Poison Magic
 14365 | Lair:3   | Identified the +4 war axe "Rifurucs" {venom, rCorr}
 14703 | Lair:3   | Reached XP level 13. HP: 74/74 MP: 20/20
 14870 | Lair:4   | Reached ****** piety under Okawaru
 15001 | Lair:4   | Got Sif Muna's Catalogue of the Valley of Death
 15015 | Lair:4   | Received a gift from Okawaru
 15030 | Lair:4   | Found a staircase to the Swamp.
 15103 | Lair:4   | Found a staircase to the Snake Pit.
 15467 | Lair:4   | Reached skill level 19 in Bows
 15735 | Lair:4   | Received a gift from Okawaru
 15936 | Lair:4   | Found a staircase to the Swamp.
 16207 | Lair:4   | Found a staircase to the Snake Pit.
 16510 | Lair:5   | Reached skill level 1 in Armour
 16515 | Lair:5   | Found a staircase to the Slime Pits.
 17306 | Lair:6   | Entered Level 6 of the Lair of Beasts
 17399 | Lair:5   | Reached skill level 20 in Bows
 17407 | Lair:6   | Identified the +5 fustibalus of the Wasteland {flame, rN+
                  | Dex+4} (Okawaru gifted it to you on level 6 of the Lair of
                  | Beasts)
 17407 | Lair:6   | Received a gift from Okawaru
 17510 | Lair:6   | Reached skill level 1 in Evocations
 17748 | Lair:6   | Reached skill level 5 in Conjurations
 17748 | Lair:6   | Reached skill level 5 in Air Magic
 17803 | Lair:6   | Reached XP level 14. HP: 76/80 MP: 21/21
 18087 | Lair:6   | Identified the +0 cloak of the Tarantula {rElec rC++ Str-2}
                  | (Okawaru gifted it to you on level 6 of the Lair of Beasts)
 18087 | Lair:6   | Received a gift from Okawaru
 18825 | Lair:6   | Identified the +6 hand axe "Widowmaker" {holy, Will+ Str-5
                  | Int+2}
 19097 | Lair:6   | Reached skill level 5 in Evocations
 19241 | Lair:6   | Received a gift from Okawaru
 19481 | Lair:6   | Received a gift from Okawaru
 20117 | D:12     | Noticed Jorgrun
 20135 | D:12     | HP: 2/84 [Jorgrun/+0 vorpal quarterstaff (9)]
 20135 | D:12     | Slain by Jorgrun

Illustrated notes

Levels and vault maps discovered:
D:1:      saegor_arrival_under_anarchy, layout_basic, serial_aquarium,
          aquarium_bridge_square [aquarium_subvault_wall,
          aquarium_subvault_wall, aquarium_subvault_wall,
          aquarium_subvault_bridge], aquarium_bridge_straight
          [aquarium_subvault_bridge, aquarium_subvault_wall,
          aquarium_subvault_bridge, aquarium_subvault_wall],
          aquarium_window_fake, aquarium_window_fake, aquarium_window_1,
          aquarium_view_2c, aquarium_pool_side,
          ebering_ecumenical_altar_abandoned, minmay_split_cup_large
D:2:      layout_basic, uniq_crazy_yiuf_cottage
D:3:      kennysheep_goblin_castle, layout_rooms, old_standard_altar,
          zin_purify, hangedman_glass_garden, grunt_ministairs_15, uniq_terence,
          uniq_robin
D:4:      minmay_evil_eye, layout_basic, amethyst_overflow_temple_binary,
          uniq_ijyb, uniq_natasha
D:5:      layout_gridville, serial_shops, shop
D:6:      layout_basic, nicolae_ru_awakened_eye, nicolae_overflow_crystal_walls,
          lemuel_temple_firewalk_b, uniq_maggie, uniq_menkaure
D:7:      layout_rooms, mainiacjoe_overflow_24_doors, uniq_pikel, uniq_duvessa
D:8:      layout_loops_ring, minmay_misc_feat_alley, uniq_erica, uniq_joseph
D:9:      nicolae_cairo_tiling_large, layout_irregular_city,
          nemelex_spade_bored_becter, orc_0_dummy, laboratory
D:10:     layout_loops_ring, nicolae_qazlal_style_of_elements, serial_shops,
          nicolae_lakefront_shop, nicolae_trove_entry_columns, uniq_psyche
D:11:     layout_long_grid, minmay_lair_entry_grove
D:12:     layout_long_grid, uniq_jorgrun
Lair:1:   layout_chaotic_city, minivault_25, beast_lair_carwin_2, uniq_harold,
          uniq_prince_ribbit2
Lair:2:   layout_cave_pods, infiniplex_staircase_pool_2
Lair:3:   layout_hall_layers
Lair:4:   layout_loops_ring, swamp_mist_pool, dummy_snake_entry,
          serial_bayou_ford_a, lemuel_fruit_tree, lemuel_fruit_fields,
          serial_bayou_shore_a
Lair:5:   layout_loops_ring, slime_dummy, serial_bayou_lake_a
Lair:6:   hangedman_lair_caniforms_friends, layout_regular_city,
          guppyfry_lair_end_dragon, infiniplex_staircase_pool

Skill      XL: |  1  2  3  4  5  6  7  8  9 10 11 12 13 14 |
---------------+-------------------------------------------+-----
Bows           | 5 6 7 8 11 13 16 18 20 | 20.0
Stealth        | 2 3 |  3.0
Dodging        | 3 4 5 6 9 |  9.2
Fighting       | 3 4 5 6 8 |  8.8
Invocations    | 1 2 3 5 7 |  7.0
Spellcasting   | 2 4 |  4.0
Translocations | 2 3 |  3.7
Conjurations   | 3 5 6 |  6.0
Air Magic      | 3 5 6 |  6.0
Poison Magic   | 1 3 |  3.0
Armour         | 3 |  3.0
Evocations     | 1 6 |  6.0

Action                   |  1- 3 |  4- 6 |  7- 9 | 10-12 | 13-15 || total
-------------------------+-------+-------+-------+-------+-------++-------
Melee: Kick              |       |     1 |       |       |     1 ||     2
       Shortbow          |       |     1 |       |       |       ||     1
       Longbow           |       |       |       |       |     4 ||     4
       Peck              |       |       |       |       |     1 ||     1
 Fire: Shortbow          |   102 |   252 |   338 |   784 |       ||  1476
       Longbow           |       |       |       |   132 |  1007 ||  1139
Throw: Dart              |       |     1 |     1 |     4 |     2 ||     8
       Javelin           |       |       |       |       |     1 ||     1
 Cast: Blink             |       |       |       |     2 |    10 ||    12
       Mephitic Cloud    |       |       |       |       |    18 ||    18
Invok: Heroism           |       |       |     3 |    15 |       ||    18
       Finesse           |       |       |       |     3 |     7 ||    10
Evoke: Tin of tremorston |       |       |       |       |     2 ||     2
  Use: Scroll            |       |       |    11 |    12 |     2 ||    25
       Potion            |       |       |       |       |     2 ||     2
Armor: Leather armour    |    16 |     4 |       |       |       ||    20
       Animal skin       |       |    12 |    11 |       |       ||    23
       Steam dragon scal |       |       |     7 |    30 |       ||    37
       Troll leather arm |       |       |       |    17 |    67 ||    84
       Skin              |       |       |       |     1 |       ||     1
Dodge: Dodged            |    19 |    90 |   182 |   356 |   429 ||  1076

Table legend: (Time is in decaauts)
 A = Elapsed time spent in this place.
 B = Non-inter-level travel time spent in this place.
 C = Inter-level travel time spent in this place.
 D = Time resting spent in this place.
 E = Time spent auto-exploring this place.
 F = Levels seen in this place.
 G = Mean time per level.
                   A        B        C        D        E       F      G
               +--------+--------+--------+--------+--------+-----+--------+
         Total |  18659 |  17772 |    887 |    923 |  12833 |  18 | 1036.6 |
       Dungeon |  11957 |  11425 |    532 |    624 |   8422 |  12 |  996.4 |
          Lair |   6702 |   6348 |    354 |    299 |   4411 |   6 | 1117.0 |
               +--------+--------+--------+--------+--------+-----+--------+

Top non-repeatable levels by time:
     D:9: 1707 daAuts
  Lair:6: 1706 daAuts
     D:8: 1282 daAuts
  Lair:5: 1251 daAuts
  Lair:4: 1231 daAuts
     D:4: 1221 daAuts
     D:5: 1141 daAuts
     D:2: 1127 daAuts
     D:3: 1015 daAuts
     D:6: 1001 daAuts
  Lair:3: 923 daAuts
  Lair:2: 883 daAuts
     D:1: 865 daAuts
    D:11: 832 daAuts
    D:10: 744 daAuts
